 Dungeon Crawl Stone Soup version 0.31.0-32-g396128a36d (webtiles) character file.

Game seed: 17420129855889083523

41935 Henri the Earth Mage (level 14, -5/96 HPs)
             Began as a Gargoyle Earth Elementalist on Apr 9, 2024.
             Was a Priest of Ashenzari.
             Slain by a polar bear (18 damage)
             ... on level 3 of the Lair of Beasts.
             The game lasted 01:12:26 (21814 turns).

Henri the Earth Mage (Gargoyle Earth Elementalist) Turns: 21814, Time: 01:12:27

Health: -5/96      AC: 20    Str: 12    XL:     14   Next: 17%
Magic:  18/18      EV: 14    Int: 21    God:    Ashenzari [***...]
Gold:   1010       SH:  0    Dex: 10    Spells: 4/19 levels left

rFire   + . .        e - +2 dagger "Ensconced Together" {venom, Range, Comp} (curse)
rCold   . . .        (no shield)
rNeg    + + .        a - +0 robe "Chained Foul Odours" {Melee, Cun} (curse)
rPois   ∞            n - +2 helmet "Lashed Together" {Sorc, Self} (curse)
rElec   +            O - +1 cloak of Ashenzari's Yoke {rPois, Dev, Cun} (curse)
rCorr   .            r - +0 pair of gloves of Star-Bound Wisdom {Range, Elem} (curse)
SInv    +            (no boots)
Will    +....        z - amulet of magic regeneration
Stlth   +++          Q - ring of protection from fire
HPRegen 0.36/turn    I - ring of positive energy
MPRegen 0.56/turn

%: clarity
@: frozen, flying, very slow
A: sickness immunity, AC +10, big wings, negative energy resistance 1,
electricity resistance, torment resistance 1, petrification resistance
a: Renounce Religion, Curse Item, Shatter the Chains


You were on level 3 of the Lair of Beasts.
You worshipped Ashenzari.
Ashenzari was most pleased with you.
You visited 3 branches of the dungeon, and saw 16 of its levels.
You also visited: Bailey and Volcano.

You collected 1234 gold pieces.
You spent 224 gold pieces at shops.

Inventory:

Hand Weapons
 e - the cursed +2 dagger "Ensconced Together" (weapon) {venom, Range, Comp}
   (You took it off a kobold on level 1 of the Dungeon)

   It has a curse which improves the following skills: Ranged Combat: Ranged
   Weapons and Throwing.
   Companions: Summonings and Necromancy.
Missiles
 J - 2 throwing nets
Armour
 a - the cursed +0 robe "Chained Foul Odours" (worn) {Melee, Cun}

   It has a curse which improves the following skills: Melee Combat: Short
   Blades, Long Blades, Axes, Maces & Flails, Polearms, Staves and Unarmed
   Combat.
   Cunning:   Dodging and Stealth.
 g - a +0 robe of fire resistance
 k - a +0 robe of resistance
 l - a +2 helmet
 n - the cursed +2 helmet "Lashed Together" (worn) {Sorc, Self}
   (You took it off Robin on level 2 of the Dungeon)

   It has a curse which improves the following skills: Sorcery: Conjurations and
   Alchemy.
   Introspection: Fighting and Spellcasting.
 r - the cursed +0 pair of gloves of Star-Bound Wisdom (worn) {Range, Elem}
   (You found it on level 3 of the Dungeon)

   It has a curse which improves the following skills: Ranged Combat: Ranged
   Weapons and Throwing.
   Elements:  Fire Magic, Ice Magic, Air Magic and Earth Magic.
 O - the cursed +1 cloak of Ashenzari's Yoke (worn) {rPois, Dev, Cun}
   (You found it in a bailey)

   It has a curse which improves the following skills: Devices: Evocations and
   Shapeshifting.
   Cunning:   Dodging and Stealth.
Jewellery
 c - a ring of resist corrosion
 z - an amulet of magic regeneration (around neck)
 D - a ring of ice
 I - a ring of positive energy (right hand)
 Q - a ring of protection from fire (left hand)
Wands
 h - a wand of charming (3)
 v - a wand of iceblast (27)
 A - a wand of mindburst (31)
 C - a wand of flame (19)
 S - a wand of digging (9)
Scrolls
 j - a scroll of summoning
 m - a scroll of vulnerability
 o - 2 scrolls of revelation
 p - 8 scrolls of teleportation
 q - a scroll of enchant armour
 x - a scroll of blinking
 G - a scroll of fear
 H - 4 scrolls of poison
Potions
 b - 3 potions of magic
 d - 3 potions of brilliance
 f - 5 potions of enlightenment
 i - 2 potions of attraction
 w - 3 potions of berserk rage
 F - 8 potions of might


   Skills:
 + Level 13.3(14.7) Fighting
 - Level 10.0 Armour
 + Level 6.0(8.3) Dodging
 - Level 5.0(7.1) Stealth
 - Level 2.0(3.1) Spellcasting
 - Level 1.1(2.0) Conjurations
 * Level 20.3(21.6) Earth Magic


You had 4 spell levels left.
You knew the following spells:

 Your Spells              Type           Power      Damage    Failure   Level
a - Sandblast             Erth           100%       2d20      0%          1
b - Stone Arrow           Conj/Erth      100%       3d13      1%          3
c - Passwall              Erth           76%        N/A       0%          3
d - Brom's Barrelling Bo  Conj/Erth      52%        2d7       1%          4
e - Petrify               Alch/Erth      49%        N/A       1%          4

Your spell library contained the following spells:

 Spells                   Type           Power      Damage    Failure   Level
 Shock                    Conj/Air       32%        1d5       9%          1
 Necrotise                Necr           16%        1d4       12%         1
 Apportation              Tloc           6%         N/A       13%         1
 Slow                     Hex            12%        N/A       13%         1
 Call Imp                 Summ           8%         N/A       19%         2
 Jinxbite                 Hex            6%         N/A       21%         2
 Dazzling Flash           Conj/Hex       14%        N/A       26%         3
 Mephitic Cloud           Conj/Alch/Air  6%         N/A       28%         3
 Confusing Touch          Hex            3%         N/A       36%         3
 Sigil of Binding         Hex            3%         N/A       36%         3
 Swiftness                Air            4%         N/A       36%         3
 Vampiric Draining        Necr           4%         2d6       36%         3
 Airstrike                Air            2%         2d(1-17)  77%         4
 Martyr's Knell           Necr/Summ      4%         N/A       77%         4
 Olgreb's Toxic Radiance  Alch           4%         N/A       77%         4
 Vhi's Electric Charge    Tloc/Air       6%         N/A       77%         4
 Arcjolt                  Conj/Air       4%         1d14      92%         5
 Alistair's Intoxication  Alch           2%         N/A       98%         5
 Curse of Agony           Necr           4%         N/A       98%         5
 Silence                  Hex/Air        1%         N/A       98%         5
 Ozocubu's Refrigeration  Ice            2%         4d7       100%        7
 Summon Hydra             Summ           2%         N/A       100%        7
 Discord                  Hex            1%         N/A       100%        8
 Maxwell's Capacitive Co  Air            2%         ∞         100%        8
 Sublimation of Blood     Necr           Unusable   N/A       N/A         2

Dungeon Overview and Level Annotations

Branches:
Dungeon (12/15)            Temple (1/1) D:5            Lair (3/5) D:11
  Swamp (0/4) Lair:2        Snake (0/4) Lair:2          Orc (0/2) D:9
 Bailey (visited)         Volcano (visited)

Altars:
Ashenzari
Cheibriados
Dithmenos
Elyvilon
Fedhas
Gozag
Hepliaklqana
Kikubaaqudgha
Makhleb
Nemelex Xobeh
Okawaru
Qazlal
Ru
Sif Muna
Trog
Uskayaw
Vehumet
Wu Jian
Xom
Yredelemnul
Zin
The Shining One

Shops:
D:6 *   D:7 ?   D:8 :   D:11 [

Annotations:
D:7 return with dig or more curses
D:9 return with dig
D:12 Rupert; Snorg
Lair:1 2 transporters, H0rd4k's ghost, journeyman OpAr


Innate Abilities, Weirdness & Mutations

You are immune to sickness and miasma.
Your stone body is resilient. (AC +10)
You are immune to poison.
Your large and strong wings let you fly.
You resist negative energy. (rN+)
You are resistant to electric shocks. (rElec)
You are resistant to unholy torment.
You are immune to petrification.


Message History

The polar bear growls angrily.
Casting: Sandblast (safe; 0% risk of failure)
Confirm with . or Enter, or press ? or * to list all spells.
Aiming: Sandblast (safe; 0% risk of failure)
Press: ? - help, Shift-Dir - straight line, f - polar bear
Aim: a polar bear (89% to hit)
The blast of sand hits the polar bear!
The polar bear is moderately wounded.
The ice encasing you melts away. The rime drake breathes ice at you.
The icy flash freeze hits you!
You are encased in ice.
Casting: Sandblast (safe; 0% risk of failure)
Confirm with . or Enter, or press ? or * to list all spells.
Aiming: Sandblast (safe; 0% risk of failure)
Press: ? - help, Shift-Dir - straight line, f/p - polar bear
Aim: a polar bear (moderately wounded, 89% to hit)
The blast of sand hits the polar bear!!
The polar bear is severely wounded.
The polar bear bites you! The polar bear closely misses you.
The polar bear misses you.
The polar bear goes berserk!
The polar bear bites you.
The polar bear claws you but does no damage. x2
The ice encasing you melts away.
The rime drake attacks as it pursues you!
The rime drake bites you but does no damage.
The rime drake attacks as it pursues you!
The rime drake barely misses you. The polar bear bites you!!
* * * LOW HITPOINT WARNING * * *
The polar bear closely misses you. The polar bear completely misses you.
The rime drake attacks as it pursues you!
The rime drake bites you but does no damage.
The rime drake breathes ice at you. The icy flash freeze hits you!
* * * LOW HITPOINT WARNING * * *
You are encased in ice.
The polar bear rages.
The polar bear attacks as it pursues you!
The polar bear bites you!!
You die...

#................................
..............#..................
..#.#.##.##..#####...............
..### #.##..######...............
...#####.#..###...##...##........
.................................
).................###.....####...
.............W#######....## ##P..
..............kh@≈≈≈≈....## #....
...............~≈≈≈≈~.....###....
........)......~≈≈≈≈≈............
..............#~≈≈≈≈≈P.........#.
..............#~≈≈≈≈≈~.....P#.###
..............#..#~≈~#...###### #
. ....................#.##### .<.
....................##.##.#. ..
........ .........###.....


You could see a polar bear (berserk), a freezing wraith and a rime drake
(catching breath).

Vanquished Creatures
  Gastronok (D:8)
  Josephine (Lair:3)
  A boulder beetle (D:12)
  Erolcha (D:9)
  Erica (D:9)
  A sun demon (Volcano)
  Amaemon (D:8)
  A skyshark (Lair:3)
  2 spriggan druids (Lair:2)
  Pikel (D:8)
  An orc knight (Bailey)
  An orc sorcerer (Volcano)
  5 ugly things
  10 elephants
  A molten gargoyle (Volcano)
  8 cane toads
  A gargoyle (D:11)
  An orange demon (D:8)
  4 rime drakes
  The ghost of zxspectator the Trooper, a novice GrFi of Gozag (D:6)
  An unseen horror (D:11)
  4 komodo dragons
  A red devil (Volcano)
  A polar bear (D:10)
  3 trolls
  5 blink frogs (Lair:1)
  4 slime creatures
  A vampire (D:10)
  2 shadows
  7 wraiths
  A spriggan (Lair:3)
  5 wyverns
  43 yaks
  3 fire bats (Volcano)
  Grum (D:8)
  2 basilisks (Lair:2)
  2 steam dragons
  3 vampire mosquitoes (D:12)
  3 acid dragons
  3 nagas (Lair:2)
  13 water moccasins
  A hell hound (Volcano)
  11 orc warriors
  6 ice beasts
  A black bear (Lair:2)
  2 sky beasts (D:7)
  4 ogres
  2 centaurs
  25 wolves
  A phantom (D:6)
  4 kobold brigands
  9 bullfrogs
  A gnoll sergeant (D:9)
  A scorpion (D:4)
  7 wights
  15 killer bees
  4 howler monkeys
  An electric eel (Lair:3)
  3 jellies (D:7)
  A hound (D:6)
  6 lava snakes (Volcano)
  A quasit (D:5)
  8 orc priests
  4 bombardier beetles
  A gnoll bouda (D:7)
  3 iguanas
  Natasha (thrice) (D:2)
  11 orc wizards
  A polar bear simulacrum (Lair:3)
  A troll simulacrum (Lair:3)
  Robin (D:2)
  2 adders
  13 gnolls
  5 shadow imps
  7 white imps
  7 ufetubi
  A dart slug (D:1)
  60 orcs
  8 ball pythons
  5 endoplasms
  2 giant cockroaches
  14 goblins
  12 hobgoblins
  12 jackals
  26 kobolds
  2 quokkas
  4 bats
  5 frilled lizards
  8 rats
484 creatures vanquished.

Vanquished Creatures (collateral kills)
  2 yaks (D:9)
  24 boulders
26 creatures vanquished.

Vanquished Creatures (others)
  A hell hound (Volcano)
  16 boulders
17 creatures vanquished.

Grand Total: 527 creatures vanquished

Notes
Turn   | Place    | Note
-------+----------+-------------------------------------------
     0 | D:1      | Henri the Gargoyle Earth Elementalist began the quest for
                  | the Orb.
     0 | D:1      | Reached XP level 1. HP: 10/10 MP: 3/3
    80 | D:1      | Found a faded altar of an unknown god.
   190 | D:1      | Reached skill level 4 in Earth Magic
   210 | D:1      | Reached XP level 2. HP: 15/15 MP: 0/5
  1060 | D:2      | Reached XP level 3. HP: 19/19 MP: 2/6
  1061 | D:2      | Reached skill level 5 in Earth Magic
  1110 | D:2      | Learned a level 3 spell: Stone Arrow
  1212 | D:2      | Noticed Natasha
  1215 | D:2      | Killed Natasha
  1304 | D:2      | Noticed Natasha
  1376 | D:2      | Killed Natasha
  1377 | D:2      | Reached skill level 1 in Fighting
  1377 | D:2      | Reached XP level 4. HP: 20/25 MP: 4/7
  1560 | D:2      | Noticed Natasha
  1565 | D:2      | Killed Natasha
  1634 | D:2      | Noticed Robin
  1646 | D:2      | Reached XP level 5. HP: 29/29 MP: 3/8
  1648 | D:2      | Killed Robin
  1688 | D:2      | Reached skill level 6 in Earth Magic
  2323 | D:2      | Learned a level 3 spell: Passwall
  3357 | D:3      | Reached XP level 6. HP: 36/36 MP: 5/9
  3676 | D:4      | Reached skill level 7 in Earth Magic
  4255 | D:4      | Reached XP level 7. HP: 41/41 MP: 8/10
  4668 | D:5      | Entered Level 5 of the Dungeon
  4830 | D:5      | Reached skill level 8 in Earth Magic
  4876 | D:5      | Reached skill level 5 in Stealth
  4972 | D:5      | Found a staircase to the Ecumenical Temple.
  4978 | Temple   | Entered the Ecumenical Temple
  4987 | Temple   | Became a worshipper of Ashenzari the Shackled
  5291 | D:5      | Found a hide-covered altar of Uskayaw.
  5537 | D:6      | Reached skill level 1 in Armour
  5537 | D:6      | Reached XP level 8. HP: 38/48 MP: 6/11
  5607 | D:6      | Found Nuimij's Elemental Accessories.
  5620 | D:6      | Reached skill level 9 in Earth Magic
  5888 | D:6      | Reached skill level 5 in Fighting
  6063 | D:6      | Found a sparkling altar of Nemelex Xobeh.
  6306 | D:6      | Noticed zxspectator's ghost (novice GrFi)
  6307 | D:6      | Found a transporter.
  6311 | D:6      | Found a transporter.
  6389 | D:6      | Reached skill level 10 in Earth Magic
  6600 | D:7      | Reached * piety under Ashenzari
  6625 | D:7      | Reached XP level 9. HP: 55/55 MP: 10/12
  7174 | D:7      | Reached skill level 11 in Earth Magic
  7335 | D:7      | Found Huafi's Magic Scroll Shoppe.
  7338 | D:7      | Bought a scroll of fear for 56 gold pieces
  7338 | D:7      | Bought 3 scrolls of poison for 168 gold pieces
  7460 | D:8      | Noticed Gastronok
  7703 | D:8      | Learned a level 4 spell: Brom's Barrelling Boulder
  7813 | D:8      | Noticed Grum
  7816 | D:8      | Killed Grum
  7819 | D:8      | Reached skill level 5 in Armour
  7858 | D:8      | Found Casmuno's Book Shop.
  8271 | D:7      | Reached skill level 12 in Earth Magic
  8283 | D:7      | Reached XP level 10. HP: 53/63 MP: 11/13
  8380 | D:8      | Reached ** piety under Ashenzari
  8713 | D:8      | Noticed an orange demon
  8716 | D:8      | Noticed Amaemon
  8913 | D:8      | Noticed Pikel
  8990 | D:8      | Killed Gastronok
  8991 | D:8      | Reached skill level 13 in Earth Magic
  9112 | D:8      | Killed Pikel
  9603 | D:9      | Found a flagged portal.
  9619 | Bailey   | Entered a bailey
  9646 | Bailey   | Reached skill level 14 in Earth Magic
  9991 | Bailey   | Noticed an orc knight
 10027 | Bailey   | Killed an orc knight
 10028 | Bailey   | Reached XP level 11. HP: 51/72 MP: 2/15
 10286 | D:9      | Noticed Erica
 10493 | D:9      | Killed Erica
 10621 | D:9      | Reached skill level 15 in Earth Magic
 10731 | D:9      | Noticed a deep elf pyromancer
 11026 | D:9      | Found an ancient bone altar of Kikubaaqudgha.
 11224 | D:9      | Found a staircase to the Orcish Mines.
 11404 | D:9      | Noticed Erolcha
 11422 | D:9      | Killed Erolcha
 11426 | D:9      | Reached *** piety under Ashenzari
 11638 | D:9      | Learned a level 4 spell: Petrify
 11894 | D:10     | Entered Level 10 of the Dungeon
 11897 | D:10     | Identified the +6 chain mail of Usedata {rC+}
 11967 | D:10     | Reached skill level 10 in Fighting
 12684 | D:10     | Reached skill level 16 in Earth Magic
 13436 | D:10     | Reached XP level 12. HP: 50/81 MP: 14/16
 14150 | D:11     | Found a staircase to the Lair.
 14205 | D:11     | Found Apenee's Armour Boutique.
 14271 | D:11     | Found a blossoming altar of Fedhas.
 14666 | D:12     | Reached skill level 17 in Earth Magic
 14697 | D:12     | Noticed a centaur warrior
 14700 | D:12     | Identified the maw talisman of the Distant Future {rF+
                  | Int-5 Dex+7 Slay-6}
 14700 | D:12     | Noticed Rupert
 14882 | D:12     | Noticed a boulder beetle
 14921 | D:12     | Killed a boulder beetle
 15182 | D:12     | Noticed Snorg
 15351 | D:6      | Killed zxspectator's ghost
 15756 | D:8      | Killed Amaemon
 15984 | Lair:1   | Entered Level 1 of the Lair of Beasts
 16006 | Lair:1   | Noticed H0rd4k's ghost (journeyman OpAr)
 16008 | Lair:1   | Found a transporter.
 16008 | Lair:1   | Found a transporter.
 16047 | Lair:1   | Found a dark tunnel.
 16054 | Volcano  | Entered a volcano
 16387 | Volcano  | Noticed a sun demon
 16388 | Volcano  | Paralysed by an orc sorcerer for 3 turns
 16395 | Volcano  | Reached skill level 18 in Earth Magic
 16398 | Volcano  | Killed a sun demon
 16399 | Volcano  | Reached XP level 13. HP: 82/88 MP: 1/17
 16820 | Volcano  | Found a burning altar of Makhleb.
 17293 | Lair:1   | Reached skill level 10 in Armour
 18843 | Lair:1   | Reached skill level 19 in Earth Magic
 19446 | Lair:2   | Reached skill level 5 in Dodging
 20039 | Lair:2   | Found a staircase to the Swamp.
 20132 | Lair:2   | Found a staircase to the Snake Pit.
 20669 | Lair:3   | Gained mutation: Your large and strong wings let you fly.
                  | [Gargoyle growth]
 20669 | Lair:3   | Reached XP level 14. HP: 43/96 MP: 16/18
 20671 | Lair:3   | Reached skill level 20 in Earth Magic
 20829 | Lair:3   | Noticed Josephine
 21198 | Lair:3   | Killed Josephine
 21814 | Lair:3   | Slain by a polar bear

Illustrated notes

Levels and vault maps discovered:
D:1:      saegor_arrival_simple_e, layout_basic,
          dreamdust_ecumenical_altar_angels_and_demons
D:2:      layout_basic, grunt_ministairs_15, uniq_robin, uniq_natasha
D:3:      layout_loops_ring
D:4:      layout_loops_corners
D:5:      layout_cave_pools, eat_drink_and_be_merry_uskayaw,
          minmay_temple_entry_wispy, serial_demonic, serial_demonic_b,
          serial_demonic_d, serial_demonic_a, serial_demonic_a,
          serial_demonic_a, serial_demonic_a, serial_demonic_g,
          serial_demonic_f, hangedman_decor_lopped
D:6:      layout_rooms, nemelex_spade_bored_becter, gammafunk_ghost_smash,
          nicolae_elemental_shop
D:7:      layout_basic, serial_shops, shop, minmay_tree_intersection,
          minivault_25, nrook_uturn, kennysheep_nub, minmay_statues_item,
          nrook_mini_vaults
D:8:      layout_gridville, serial_shops, nicolae_shop_advertising_works
          [nicolae_subvault_shop_adworks], uniq_grum, uniq_amaemon,
          uniq_gastronok, uniq_pikel
D:9:      layout_basic, mainiacjoe_overflow_alcove_4, david_orc_4,
          serial_curves, eino_curves_01, eino_curves_04, enter_bailey_4,
          onia_ninara_dug_in_and_dangerous, uniq_erolcha, uniq_erica
D:10:     layout_layer_cave
D:11:     layout_long_grid, hellmonk_lair_entry_icy, serial_shops,
          nicolae_shop_gibbet_a_chance, fedhas_bush_and_centaur_altar
D:12:     layout_loops_ring, uniq_rupert, uniq_snorg, uniq_frances
Temple:   hellmonk_temple_of_storms
Lair:1:   layout_loops_ring, gammafunk_ghost_arena, enter_volcano_4,
          patterned_corridor, serial_bayou_shore_b, serial_bayou_shore_b,
          infiniplex_staircase_pool_2, lemuel_fruit_tree, grunt_megastairs_3
Lair:2:   layout_gridlike, mainiacjoe_swamp_entry_angry_trees,
          nicolae_snake_entry_squirm
Lair:3:   dreamdust_isle_of_ice, layout_gridlike, grunt_forest_stairs_clearing,
          grunt_megastairs_5, uniq_josephine

Skill      XL: |  1  2  3  4  5  6  7  8  9 10 11 12 13 14 |
---------------+-------------------------------------------+-----
Earth Magic    | 4 5 6 7 8 10 12 14 16 18 19 20 | 20.3
Fighting       | 1 2 3 4 5 7 8 10 11 13 | 13.3
Stealth        | 3 4 5 |  5.0
Armour         | 1 3 5 7 9 10 | 10.0
Dodging        | 2 3 5 6 |  6.0
Spellcasting   | |  2.0
Conjurations   | |  1.1

Action                     |  1- 3 |  4- 6 |  7- 9 | 10-12 | 13-15 || total
---------------------------+-------+-------+-------+-------+-------++-------
  Melee: Dagger            |     2 |     2 |    16 |     6 |    37 ||    63
         Punch             |     1 |       |       |       |       ||     1
   Cast: Sandblast         |    36 |   103 |   194 |   376 |   218 ||   927
         Stone Arrow       |       |       |       |    71 |   123 ||   194
         Brom's Barrelling |       |       |       |    40 |    10 ||    50
         Passwall          |       |       |       |     4 |       ||     4
 Invoke: Curse Item        |       |       |     2 |     3 |       ||     5
    Use: Potion            |     1 |       |     1 |     2 |     3 ||     7
         Scroll            |       |     2 |     3 |     3 |     3 ||    11
   Stab: Sleeping          |       |       |     1 |       |       ||     1
 Armour: Robe              |    20 |    12 |   143 |   288 |   329 ||   792
  Dodge: Dodged            |    10 |    18 |   110 |   234 |   295 ||   667
